 Dungeon Crawl Stone Soup version 0.27-a0-1193-g8631133539 (webtiles) character file.

Game seed: 17909282114708931286

1136 kae the Cleaver (level 8, 0/73 HPs)
             Began as a Hill Orc Fighter on May 25, 2021.
             Slain by a gnoll
             ... wielding a +0 spear
              (2 damage)
             ... on level 4 of the Dungeon.
             The game lasted 00:03:34 (4906 turns).

kae the Cleaver (Hill Orc Fighter)                  Turns: 4906, Time: 00:03:35

Health: 0/73       AC:  6    Str: 21    XL:     8   Next: 36%
Magic:  8/8        EV:  7    Int:  8    God:
Gold:   242        SH:  0    Dex: 10    Spells: 7/7 levels left

rFire    . . .     SeeInvis .   e - +2 war axe (flame)
rCold    . . .     Faith    .   c - +0 kite shield
rNeg     . . .     Spirit   .   b - +0 scale mail
rPois    .         Reflect  .   (no helmet)
rElec    .         Harm     .   (no cloak)
rCorr    .         Rampage  .   (no gloves)
Will     .....                  (no boots)
Stlth    ..........             (no amulet)
HPRegen  0.22/turn              (no ring)
MPRegen  0.11/turn              (no ring)

@: confused, brilliant, lethally poisoned (0 -> -32), ambrosia-drunk
A: no striking features
a: no special abilities


You were on level 4 of the Dungeon.
You visited 1 branch of the dungeon, and saw 6 of its levels.

You collected 242 gold pieces.

Inventory:

Hand Weapons
 a - a +1 war axe
 e - a +2 war axe of flaming (weapon)
Armour
 b - a +0 scale mail (worn)
 c - a +0 kite shield (worn)
Wands
 k - a wand of mindburst (6)
Potions
 d - a potion of might
 i - 2 potions of brilliance


   Skills:
 + Level 7.6 Fighting
 * Level 10.5 Axes
 - Level 3.2 Armour
 - Level 3.2 Shields


You had 7 spell levels left.
You didn't know any spells.
Your spell library contained the following spells:

 Spells                   Type           Power      Damage    Failure   Level
 Magic Dart               Conj           0%         1d3       99%         1
 Blink                    Tloc           N/A        N/A       100%        2
 Call Imp                 Summ           0%         N/A       100%        2
 Slow                     Hex            0%         N/A       100%        2
 Conjure Flame            Conj/Fire      0%         6-21      100%        3
 Mephitic Cloud           Conj/Pois/Air  0%         N/A       100%        3


Dungeon Overview and Level Annotations

Branches:
Dungeon (6/15)
 Temple: D:4-7

Altars:
The Shining One

Shops:
D:2 (

Annotations:
D:5 Sigmund


Message History

You are confused.
You feel invigorated.
You feel sick. Something hits you but does no damage.
You are more poisoned.
The gnoll closely misses you.
It was a potion of brilliance.
You feel clever all of a sudden.
You feel very sick.
You hear some strange, mumbled words.
A puff of flame appears from out of thin air!
The puff of flame hits you!
* * * LOW HITPOINT WARNING * * *
The gnoll hits you from afar with a +0 spear.
* * * LOW HITPOINT WARNING * * *
You miss something.
You feel very sick. Something hits you.
* * * LOW HITPOINT WARNING * * *
You are lethally poisoned!
The gnoll hits you from afar with a +0 spear.
* * * LOW HITPOINT WARNING * * *
You bump into the rock wall.
* * * LOW HITPOINT WARNING * * *
You feel very sick. Something hits you but does no damage.
You are more poisoned.
The gnoll hits you from afar with a +0 spear.
* * * LOW HITPOINT WARNING * * *
You bump into the rock wall.
* * * LOW HITPOINT WARNING * * *
You feel very sick. Something hits you but does no damage.
You are more poisoned.
The gnoll closely misses you.
You bump into the rock wall.
* * * LOW HITPOINT WARNING * * *
You feel extremely sick. Something hits you but does no damage.
You are more poisoned.
The gnoll hits you from afar with a +0 spear.
You die...

##. .....
#.........
....... .. .. ..
..♣ ♣.♣.
###.#.......
..... ♣.♣.♣ ♣
#..# ##..# .#
#@###...##..##
#{#.....<[...#
#go......[......
##.?.).....#.#..♣
##........# #.P.♣
##.###...#.#P..P
#.# ###....#...
..# .##..... #o##
.# #....


You could see a gnoll and an orc.

Vanquished Creatures
  Pikel (D:3)
  Edmund (D:3)
  2 necrophages
  A phantom (D:4)
  A lemure (D:3)
  A water moccasin skeleton (D:4)
  A jelly (D:6)
  2 orc wizards (D:4)
  2 gnolls (D:3)
  5 adders
  A white imp (D:3)
  An ufetubus (D:3)
  4 dart slugs
  6 orcs
  8 ball pythons
  5 bats
  3 endoplasms
  4 giant cockroaches
  10 hobgoblins
  13 jackals
  9 kobolds
  2 quokkas
  6 frilled lizards
  4 goblins
  6 rats
99 creatures vanquished.

Vanquished Creatures (others)
  7 plants (D:4)
7 creatures vanquished.

Grand Total: 106 creatures vanquished

Notes
Turn   | Place    | Note
-------+----------+-------------------------------------------
     0 | D:1      | kae the Hill Orc Fighter began the quest for the Orb.
     0 | D:1      | Reached XP level 1. HP: 19/19 MP: 1/1
    15 | D:1      | Reached skill level 3 in Axes
    56 | D:1      | Reached XP level 2. HP: 21/27 MP: 2/2
   467 | D:1      | Reached skill level 4 in Axes
   472 | D:1      | Reached XP level 3. HP: 28/33 MP: 3/3
  1270 | D:2      | Found a glowing golden altar of the Shining One.
  1291 | D:2      | Reached skill level 5 in Axes
  1291 | D:2      | Reached XP level 4. HP: 35/41 MP: 4/4
  1639 | D:2      | Found Eruq's Antique Weapon Shoppe.
  3173 | D:3      | You fall into a shaft and drop 3 floors!
  3190 | D:6      | HP: 1/34 [acid (8)]
  3192 | D:6      | Reached XP level 5. HP: 2/43 MP: 5/5
  3495 | D:5      | Entered Level 5 of the Dungeon
  3564 | D:5      | Noticed a necrophage
  3569 | D:5      | Killed a necrophage
  3570 | D:5      | Reached skill level 5 in Fighting
  3570 | D:5      | Reached skill level 6 in Axes
  3570 | D:5      | Reached XP level 6. HP: 44/56 MP: 6/6
  3653 | D:5      | Noticed a water moccasin
  3775 | D:5      | Noticed Sigmund
  3791 | D:4      | Noticed Edmund
  4191 | D:4      | Noticed Pikel
  4229 | D:4      | Noticed a necrophage
  4238 | D:3      | Reached skill level 7 in Axes
  4257 | D:3      | Killed Pikel
  4258 | D:3      | Reached skill level 9 in Axes
  4258 | D:3      | Reached XP level 7. HP: 24/64 MP: 7/7
  4547 | D:3      | Killed Edmund
  4548 | D:3      | Reached XP level 8. HP: 47/73 MP: 8/8
  4675 | D:3      | Reached skill level 10 in Axes
  4906 | D:4      | HP: 2/73 [poisoned by an orc wizard]
  4906 | D:4      | Slain by a gnoll

Illustrated notes

Levels and vault maps discovered:
D:1:      scummos_arrival_checkerplants, layout_basic,
          minmay_misc_feat_ornament, minmay_pentomino_r4
D:2:      layout_loops_corners, basic_altar, serial_shops, nicolae_shop_trees
D:3:      layout_loops_corners
D:4:      layout_rooms, serial_forest, infiniplex_forest_lined_3,
          infiniplex_forest_clump_cross, infiniplex_forest_straight_4,
          infiniplex_forest_clump_double, uniq_edmund, uniq_pikel
D:5:      layout_basic, feat_on_display, uniq_menkaure, uniq_sigmund
D:6:      layout_cave_pools, grunt_temple_overflow_open, serial_column_ruins,
          column_ruins_grid_3, column_ruins_open_tiny, column_ruins_grid_1,
          column_ruins_open_small_water

Skill      XL: |  1  2  3  4  5  6  7  8 |
---------------+-------------------------+-----
Axes           | 3 4 5 6 9 10 | 10.5
Fighting       | 4 5 6 7 |  7.6
Armour         | |  3.2
Shields        | |  3.2

Action                   |  1- 3 |  4- 6 |  7- 9 || total
-------------------------+-------+-------+-------++-------
Melee: War axe           |    97 |   133 |    37 ||   267
  Use: Scroll            |     1 |     4 |       ||     5
       Potion            |       |     3 |     3 ||     6
Armor: Scale mail        |    47 |    38 |    42 ||   127
       Skin              |       |    17 |       ||    17
Dodge: Dodged            |    35 |    40 |    37 ||   112
Block: Kite shield       |    57 |    81 |    35 ||   173

Table legend: (Time is in decaauts)
 A = Elapsed time spent in this place.
 B = Non-inter-level travel time spent in this place.
 C = Inter-level travel time spent in this place.
 D = Time resting spent in this place.
 E = Time spent auto-exploring this place.
 F = Levels seen in this place.
 G = Mean time per level.
                   A        B        C        D        E       F      G
               +--------+--------+--------+--------+--------+-----+--------+
         Total |   5034 |   4854 |    180 |   1027 |   3147 |   6 |  839.0 |
       Dungeon |   5034 |   4854 |    180 |   1027 |   3147 |   6 |  839.0 |
               +--------+--------+--------+--------+--------+-----+--------+

Top non-repeatable levels by time:
     D:3: 2044 daAuts
     D:1: 1249 daAuts
     D:2: 1040 daAuts
     D:6: 332 daAuts
     D:5: 281 daAuts
     D:4: 86 daAuts
